 Dungeon Crawl Stone Soup version 0.31-a0-426-g3a05650e59 (webtiles) character file.

Game seed: 9006554453228830041

1745 Lorrdernie the Martial Artist (level 9, -1/53 HPs)
             Began as an Octopode Shapeshifter on July 30, 2023.
             Was an Initiate of Dithmenos.
             Killed by divine providence
             ... invoked by an orc priest
              (12 damage)
             ... on level 6 of the Dungeon.
             The game lasted 00:09:56 (4523 turns).

Lorrdernie the Martial Artist (OpSh)                Turns: 4523, Time: 00:09:57

Health: -1/53      AC:  5    Str: 20    XL:     9   Next: 6%
Magic:  9/9        EV: 13    Int: 12    God:    Dithmenos [......]
Gold:   252        SH:  8    Dex: 15    Spells: 8/8 levels left

rFire   . .          .
                       - Unarmed
rCold   + . .        d - +3 buckler "Onugayluph" {rC+}
rNeg    . . .        (helmet currently unavailable)
rPois   .            (no amulet)
rElec   .            h - +6 ring of strength
rCorr   .            n - +4 ring of protection
SInv    .            j - ring of willpower
Will    +....        (no ring)
Stlth   ++++         (no ring)
HPRegen 0.28/turn    (no ring)
MPRegen 0.11/turn    (no ring)
                     (no ring)

%: no passive effects
@: beast-form
A: beast (slay +3), almost no armour, amphibious, 8 rings, camouflage 1,
gelatinous body 1, (nimble swimmer 1), tentacles
a: Begin Untransformation, Renounce Religion


You were on level 6 of the Dungeon.
You worshipped Dithmenos.
Dithmenos was noncommittal.
You were a hulking beast.
You visited 1 branch of the dungeon, and saw 6 of its levels.
You also visited: Sewer.

You collected 252 gold pieces.

Inventory:

Missiles
 y - a throwing net
Armour
 d - the +3 buckler "Onugayluph" (worn) {rC+}
   (You acquired it on level 4 of the Dungeon)

   rC:        It protects you from cold.
Jewellery
 h - a +6 ring of strength (left tentacle)
 j - a ring of willpower (on tentacle)
 n - a +4 ring of protection (right tentacle)
Talismans
 b - a beast talisman (active)
 z - a serpent talisman
Wands
 a - a wand of flame (18)
Scrolls
 g - a scroll of noise
 i - 7 scrolls of identify
 o - 5 scrolls of enchant armour {unknown}
 t - 2 scrolls of teleportation
 u - a scroll of butterflies
 v - 2 scrolls of vulnerability {unknown}
Potions
 c - 3 potions of curing
 e - 3 potions of ambrosia {unknown}
 f - 3 potions of berserk rage {unknown}
 k - 2 potions of might
 l - a potion of invisibility {unknown}
 m - 2 potions of heal wounds {unknown}
 p - a potion of degeneration {unknown}
 q - a potion of attraction {unknown}
 r - a potion of brilliance {unknown}
 s - 2 potions of enlightenment {unknown}
 w - a potion of mutation {unknown}
 x - a potion of magic {unknown}


   Skills:
 - Level 1.0 Fighting
 + Level 2.5 Dodging
 - Level 4.0 Stealth
 + Level 3.6 Shields
 * Level 8.7 Unarmed Combat
 + Level 5.7 Shapeshifting


You had 8 spell levels left.
You didn't know any spells.
Your spell library was empty.

Dungeon Overview and Level Annotations

Branches:
Dungeon (6/15)              Sewer (visited)
 Temple: D:4-7

Altars:
Ashenzari
Dithmenos
Kikubaaqudgha
Yredelemnul

Shops:
D:5 *(


Innate Abilities, Weirdness & Mutations

You are a hulking beast.
Your limbs bulge with bestial killing power. (Slay +3)
You cannot wear most types of armour.
You are amphibious.
You can wear up to eight rings at the same time.
Your skin changes colour to match your surroundings (Stealth+).
Your rubbery body absorbs attacks. (AC +1, EV +1)
((You are camouflaged when in or above water. (Stealth+)))
You have tentacles for arms and can constrict up to eight enemies at once.


Message History

You bludgeon the bullfrog!
You kill the bullfrog!
Dithmenos accepts your kill.
You see here a bullfrog corpse.
An acid dragon comes into view.
Found a spear.
An acid dragon is nearby!
An orc comes into view. It is wielding a +0 hand axe.
The acid dragon roars!
The orc shouts!
You hear a shout!
An orc priest comes into view. It is wielding a +0 hand axe.
The acid dragon bites you!
The acid dragon claws you but does no damage.
You hear a shout!
You bludgeon the acid dragon! You squeeze the acid dragon.
The acid dragon is severely wounded.
The acid dragon bites you! You block the acid dragon's attack.
You tentacle-slap the acid dragon.
The acid dragon is severely wounded.
The acid dragon spits acid at you. The splash of acid hits you!!
* * * LOW HITPOINT WARNING * * *
You are too injured to fight recklessly!
You are too injured to fight recklessly!
You bludgeon the acid dragon!
You kill the acid dragon!
Dithmenos accepts your kill.
The acid dragon scales are intact enough to wear.
The orc priest calls down the wrath of Beogh upon you.
Pain shoots through your body!
* * * LOW HITPOINT WARNING * * *
An orc comes into view. It is wielding a +0 hand axe.
You have reached level 9!
Your experience leads to an increase in your attributes!
Your base attributes are Str 14, Int 12, Dex 13.
Increase (S)trength, (I)ntelligence, or (D)exterity?
You feel agile. x2
It was a potion of curing.
You feel better.
The orc priest calls down the wrath of Beogh upon you.
Beogh smites you!
You die...

## #.# # #.# # #
#.# .# # #.# #o#
######.# ##o.#
...)...# ....#
.......# ##....#
######## #[o...#
.......# #h)..#
######## #....#
######## #..###
.......#########.##
#######..†.......#
#.########$# #.#
#.# #.# #.# #.# #.#


You could see an orc priest and 2 orcs.

Vanquished Creatures
  Sigmund (D:3)
  A steam dragon (D:5)
  An acid dragon (D:6)
  A black bear (D:5)
  2 ogres (D:5)
  Blork the orc (D:6)
  A bullfrog (D:6)
  6 scorpions
  An orc priest (D:3)
  2 hounds
  4 iguanas
  An orc wizard (D:5)
  8 gnolls
  11 adders
  7 river rats (Sewer)
  A white imp (D:5)
  2 adder skeletons (D:2)
  3 worms
  2 dart slugs (D:1)
  9 orcs
  8 bats
  5 endoplasms
  4 giant cockroaches
  10 goblins
  6 hobgoblins
  4 jackals (D:1)
  5 kobolds
  5 quokkas
  3 training dummies (D:5)
  10 ball pythons
  A ball python skeleton (D:2)
  A ball python zombie (D:2)
  16 frilled lizards
  A giant cockroach zombie (D:2)
  15 rats
159 creatures vanquished.

Notes
Turn   | Place    | Note
-------+----------+-------------------------------------------
     0 | D:1      | Lorrdernie the Octopode Shapeshifter began the quest for
                  | the Orb.
     0 | D:1      | Reached XP level 1. HP: 13/13 MP: 1/1
    92 | D:1      | Reached XP level 2. HP: 18/18 MP: 2/2
   285 | D:1      | Reached XP level 3. HP: 20/23 MP: 3/3
   451 | D:1      | Reached skill level 4 in Unarmed Combat
   750 | D:2      | Reached XP level 4. HP: 14/28 MP: 4/4
  1073 | D:2      | Reached XP level 5. HP: 28/33 MP: 5/5
  1475 | D:3      | Reached skill level 5 in Unarmed Combat
  1943 | D:3      | Noticed Sigmund
  1944 | D:3      | Found an ancient bone altar of Kikubaaqudgha.
  1950 | D:3      | Killed Sigmund
  1951 | D:3      | Reached skill level 6 in Unarmed Combat
  1951 | D:3      | Reached XP level 6. HP: 31/38 MP: 6/6
  2365 | D:4      | Identified a scroll of acquirement
  2365 | D:4      | Acquired the +3 buckler "Onugayluph" {rC+}
  2388 | D:4      | Reached XP level 7. HP: 38/43 MP: 7/7
  2511 | D:4      | Found a basalt altar of Yredelemnul.
  2553 | D:4      | Found a glowing drain.
  2564 | Sewer    | Entered a sewer
  2990 | D:4      | Reached skill level 1 in Shields
  2990 | D:4      | Reached skill level 7 in Unarmed Combat
  3052 | D:4      | Found a broken altar of Ashenzari.
  3071 | D:4      | Found a shadowy altar of Dithmenos.
  3076 | D:4      | Became a worshipper of Dithmenos the Shadowed
  3283 | D:5      | Entered Level 5 of the Dungeon
  3286 | D:5      | Found Qoutido's Assorted Antiques.
  3286 | D:5      | Noticed a steam dragon
  3302 | D:5      | Killed a steam dragon
  3303 | D:5      | Reached skill level 1 in Stealth
  3303 | D:5      | Reached skill level 5 in Shapeshifting
  3303 | D:5      | Reached XP level 8. HP: 41/48 MP: 8/8
  3837 | D:5      | Found Emyups's Firing Range.
  3851 | D:5      | Reached skill level 8 in Unarmed Combat
  4462 | D:6      | Noticed Blork the orc
  4467 | D:6      | Killed Blork the orc
  4523 | D:6      | Reached XP level 9. HP: 6/53 MP: 9/9
  4523 | D:6      | Killed from afar by an orc priest

Illustrated notes

Levels and vault maps discovered:
D:1:      dpeg_arrival_ratfight, layout_rooms, minmay_lizard_pond
D:2:      layout_rooms, serial_undead, serial_undead_e, serial_undead_f,
          serial_undead_f, serial_undead_f, serial_undead_b, serial_undead_f,
          grunt_ministairs_14
D:3:      layout_basic, nicolae_kikubaaqudgha_miasma_corner, uniq_sigmund
D:4:      layout_rooms, mainiacjoe_overflow_small_starburst,
          mainiacjoe_overflow_tiny_flanked,
          nicolae_dithmenos_through_a_glass_darkly, portal_sewer_entry_d,
          minmay_ruptured
D:5:      layout_basic, nicolae_inconvenience_store, nicolae_shop_firing_range
D:6:      minmay_opposing_rooms, layout_loops_ring, minmay_misc_feat_square,
          minivault_4, uniq_blork_the_orc

Skill      XL: |  1  2  3  4  5  6  7  8 |
---------------+-------------------------+-----
Unarmed Combat | 4 6 7 8 |  8.7
Shapeshifting  | 4 5 |  5.7
Shields        | 1 3 |  3.6
Stealth        | 1 4 |  4.0
Fighting       | |  1.0
Dodging        | |  2.5

Action                     |  1- 3 |  4- 6 |  7- 9 || total
---------------------------+-------+-------+-------++-------
  Melee: Unarmed           |    74 |    83 |   129 ||   286
         Constrict         |    17 |    15 |    30 ||    62
         Tentacles         |     7 |    12 |    26 ||    45
         Punch             |     2 |       |     3 ||     5
    Use: Potion            |       |     1 |     1 ||     2
         Scroll            |       |     4 |     3 ||     7
   Stab: Sleeping          |     5 |     8 |    18 ||    31
         Distracted        |       |     1 |       ||     1
 Armour: Skin              |     2 |    30 |    16 ||    48
  Dodge: Dodged            |    34 |    34 |    35 ||   103
  Block: Buckler           |       |       |    37 ||    37
   Form: Anaconda          |       |       |     1 ||     1
         Beast             |       |       |     1 ||     1

Table legend: (Time is in decaauts)
 A = Elapsed time spent in this place.
 B = Non-inter-level travel time spent in this place.
 C = Inter-level travel time spent in this place.
 D = Time resting spent in this place.
 E = Time spent auto-exploring this place.
 F = Levels seen in this place.
 G = Mean time per level.
                   A        B        C        D        E       F      G
               +--------+--------+--------+--------+--------+-----+--------+
         Total |   4494 |   4372 |    122 |    387 |   2861 |   7 |  642.0 |
       Dungeon |   4092 |   3970 |    122 |    383 |   2586 |   6 |  682.0 |
         Sewer |    402 |    402 |      0 |      4 |    275 |   1 |  402.0 |
               +--------+--------+--------+--------+--------+-----+--------+

Top non-repeatable levels by time:
     D:5: 969 daAuts
     D:3: 911 daAuts
     D:1: 723 daAuts
     D:2: 697 daAuts
     D:4: 530 daAuts
   Sewer: 402 daAuts
     D:6: 260 daAuts
